 Dungeon Crawl Stone Soup version 0.20-a0-1014-g171fa7a (webtiles) character file.

2628 HankScorpio the Cleaver (level 9, -8/105 HPs)
             Began as a Minotaur Berserker on Apr 15, 2017.
             Was a High Priest of Trog.
             Mangled by a two-headed ogre
             ... wielding a +0 dire flail
              (24 damage)
             ... on level 8 of the Dungeon.
             The game lasted 00:14:09 (7044 turns).

HankScorpio the Cleaver (Minotaur Berserker)        Turns: 7044, Time: 00:14:09

Health: -8/105     AC:  8    Str: 27    XL:     9   Next: 35%
Magic:  8/8        EV: 10    Int:  9    God:    Trog [*****.]
Gold:   369        SH:  0    Dex: 11    Spells: 8/8 levels left

rFire    . . .     SeeInvis .   b - +2 whip (flame)
rCold    . . .     Gourm    .   (no shield)
rNeg     . . .     Faith    .   h - +0 scale mail
rPois    .         Spirit   .   g - +2 hat
rElec    .         Reflect  .   (no cloak)
rCorr    .         Harm     .   (no gloves)
MR       .....                  (no boots)
Stlth    ..........             O - amulet of regeneration
Regen    0.7/turn               r - +3 ring of intelligence
MPRegen  0.2/turn               (no ring)

@: berserking, heavily drained, very quick
A: retaliatory headbutt, horns 2
a: Berserk, Trog's Hand, Brothers in Arms, Burn Spellbooks, Renounce Religion


You were on level 8 of the Dungeon.
You worshipped Trog.
Trog was extremely pleased with you.
You were not hungry.

You visited 1 branch of the dungeon, and saw 8 of its levels.
You also visited: Ossuary.

You collected 369 gold pieces.

Inventory:

Hand Weapons
 a - a +1 long sword of holy wrath
 b - a +2 whip of flaming (weapon)
 l - a +0 hand axe
Missiles
 d - 19 tomahawks (quivered)
Armour
 g - a +2 hat (worn)
 h - a +0 scale mail (worn)
 t - a +0 animal skin
Jewellery
 j - an uncursed amulet of harm
 r - a +3 ring of intelligence (left hand)
 O - an amulet of regeneration (around neck)
Wands
 v - a wand of flame (26/48)
 H - a wand of enslavement (16/24)
Scrolls
 i - 3 scrolls of remove curse
 q - a scroll of enchant armour {unknown}
 w - 9 scrolls of identify
 x - 2 scrolls of blinking
 y - 4 scrolls of immolation {unknown}
 B - 4 scrolls of teleportation {unknown}
 D - 2 scrolls of magic mapping {unknown}
 E - a scroll of fog {unknown}
 F - a scroll of random uselessness {unknown}
 I - 4 scrolls of enchant weapon {unknown}
 J - a scroll of summoning {unknown}
 M - a scroll of noise {unknown}
Potions
 e - a potion of berserk rage {unknown}
 f - 2 potions of agility
 m - 6 potions of curing
 n - 7 potions of mutation {unknown}
 o - a potion of might {unknown}
 s - a potion of lignification {unknown}
 z - a potion of flight {unknown}
 A - 2 potions of degeneration {unknown}
 C - a potion of haste {unknown}
 G - a potion of brilliance {unknown}
 K - a potion of invisibility {unknown}
 N - a potion of heal wounds {unknown}
Comestibles
 c - 3 bread rations
 k - 2 meat rations
 u - 2 royal jellies
 L - 3 fruits


   Skills:
 - Level 3.6(1.9) Fighting
 + Level 14.8(12.5) Axes
 - Level 2.4(0.8) Armour
 - Level 2.1(0.5) Dodging


You had 8 spell levels left.
You didn't know any spells.

Dungeon Overview and Level Annotations

Branches:
Dungeon (8/15)             Temple (0/1) D:5
   Lair: D:8-11

Altars:
Elyvilon
Gozag
Hepliaklqana
Makhleb
Wu Jian
Yredelemnul
Zin
The Shining One

Annotations:
D:8 1 runed door


Innate Abilities, Weirdness & Mutations

You reflexively headbutt those who attack you in melee.
You have a pair of horns on your head.


Message History

A red film seems to cover your vision as you go berserk!
You feel yourself moving faster!
You feel mighty!
You feel a lot more hungry.
Your scale mail prevents you from hitting the two-headed ogre.
The two-headed ogre hits you with a dire flail!
The two-headed ogre completely misses you.
You hit the two-headed ogre. You burn the two-headed ogre.
The two-headed ogre is lightly wounded.
You hit the two-headed ogre. You burn the two-headed ogre.
The two-headed ogre is lightly wounded.
The two-headed ogre hits you with a dire flail!
* * * LOW HITPOINT WARNING * * *
The two-headed ogre barely misses you.
You hit the two-headed ogre. You burn the two-headed ogre.
The two-headed ogre is moderately wounded.
You hit the two-headed ogre. You burn the two-headed ogre.
The two-headed ogre is moderately wounded.
The two-headed ogre hits you with a dire flail!
* * * LOW HITPOINT WARNING * * *
The two-headed ogre hits you with a giant spiked club!!
You die...

#..######## #.# #.# #...
#.#.(.....# #.. #.# #...
#.#.#####.# ### #.# #...
#.#.#####.##### #.##### #...
#......#......# #.#...#####...
###.##.#......######..###........
#.##.#..........##..# #.[......
#...........###O##..###........
###.#.......##@..##.....##.#...
#.###........###.#.###.##.#...
#.# ##.####..# #...# #.##.#...
#.# ##..##..# #.#.###.##.#... ##
##.#.##.#...#......##.#...
##.##.##.#####.#######.....
#........### #......^......
#.####......###........####. ##
#..#.).......####.####.


You could see a two-headed ogre.

Vanquished Creatures
  Pikel (D:5)
  Sigmund (D:5)
  3 slaves (D:5)
  An ogre (D:4)
  2 centaurs
  A big kobold (D:7)
  4 bullfrogs
  A scorpion (D:5)
  4 killer bees (D:7)
  2 howler monkeys (D:7)
  A crimson imp (D:7)
  A centaur skeleton (D:7)
  A gnoll shaman (D:6)
  3 bullfrog skeletons
  4 hounds
  5 orc priests
  4 orc wizards
  An iguana (D:7)
  4 worker ants
  11 mummies (Ossuary)
  6 gnolls
  A howler monkey skeleton (D:4)
  7 adders
  5 worms
  4 dart slugs
  3 leopard geckos
  29 orcs
  6 bats
  8 giant cockroaches
  10 goblins
  9 hobgoblins
  18 jackals
  3 quokkas
  4 frilled lizards
  3 goblin skeletons (Ossuary)
  A jackal skeleton (D:5)
  12 kobolds
  4 kobold skeletons (Ossuary)
  An orc skeleton (Ossuary)
  14 rats
  11 rat skeletons (Ossuary)
214 creatures vanquished.

Vanquished Creatures (others)
  4 toadstools (D:1)
4 creatures vanquished.

Grand Total: 218 creatures vanquished

Notes
Turn   | Place    | Note
-------+----------+-------------------------------------------
     0 | D:1      | HankScorpio the Minotaur Berserker began the quest for the Orb.
     0 | D:1      | Reached XP level 1. HP: 19/19 MP: 0/0
    12 | D:1      | You fall through a shaft!
    12 | D:2      | Found an opulent altar of Gozag.
    54 | D:2      | Reached skill level 4 in Axes
    97 | D:2      | Reached XP level 2. HP: 10/26 MP: 1/1
   586 | D:1      | Reached skill level 5 in Axes
   638 | D:1      | Reached XP level 3. HP: 30/31 MP: 2/2
   887 | D:1      | Reached ** piety under Trog
  1579 | D:2      | Reached XP level 4. HP: 33/39 MP: 3/3
  1601 | D:2      | Reached skill level 6 in Axes
  2216 | D:3      | Reached *** piety under Trog
  2216 | D:3      | Reached XP level 5. HP: 45/45 MP: 4/4
  2221 | D:3      | Reached skill level 7 in Axes
  2827 | D:3      | Reached skill level 8 in Axes
  2980 | D:4      | Reached XP level 6. HP: 48/51 MP: 5/5
  3244 | D:4      | Reached skill level 9 in Axes
  3470 | D:4      | Reached XP level 7. HP: 57/57 MP: 6/6
  3623 | D:4      | Found an ornate altar of the Wu Jian Council.
  3720 | D:5      | Entered Level 5 of the Dungeon
  3744 | D:5      | Noticed Sigmund
  3746 | D:5      | Noticed Pikel
  3754 | D:5      | Reached skill level 10 in Axes
  3759 | D:5      | Killed Pikel
  3759 | D:5      | Reached skill level 11 in Axes
  3759 | D:5      | Reached XP level 8. HP: 38/64 MP: 7/7
  3764 | D:5      | Killed Sigmund
  3764 | D:5      | Reached skill level 12 in Axes
  4019 | D:5      | Found a staircase to the Ecumenical Temple.
  4109 | D:5      | Found a glowing silver altar of Zin.
  4109 | D:5      | Found a white marble altar of Elyvilon.
  4109 | D:5      | Found a glowing golden altar of the Shining One.
  4258 | D:6      | Found a sand-covered staircase.
  4265 | Ossuary  | Entered an ossuary
  4292 | Ossuary  | Reached **** piety under Trog
  4310 | Ossuary  | Received a gift from Trog
  4925 | D:6      | Reached skill level 13 in Axes
  4937 | D:6      | Found a hazy altar of Hepliaklqana.
  5525 | D:7      | Found a basalt altar of Yredelemnul.
  5596 | D:7      | Reached XP level 9. HP: 67/70 MP: 8/8
  5628 | D:7      | Reached skill level 14 in Axes
  6207 | D:7      | Reached ***** piety under Trog
  6682 | D:8      | Found a runed door.
  6682 | D:8      | Noticed an angel
  6683 | D:8      | Found a white marble altar of Elyvilon.
  6896 | D:8      | Found a burning altar of Makhleb.
  6990 | D:8      | Noticed a two-headed ogre
  7044 | D:8      | Mangled by a two-headed ogre

Vault maps used:
D:1:      ldierk_walled_garden_2, minmay_tetromino_t2
D:2:      nicolae_gozag_seed_capital
D:4:      lemuel_doored_altar
D:5:      good_gods_mini_temple, minmay_temple_entry_poolview, first_bread,
          minmay_tree_intersection, uniq_sigmund, uniq_pikel
D:6:      overflow_temple_1_default, nicolae_ossuary_entry_monument
D:7:      basic_altar, grunt_ogre_cave
D:8:      bloody_makhleb, lemuel_angel_altar, uniq_erica
Ossuary:  ossuary_due_small_catacomb

Skill      XL: |  1  2  3  4  5  6  7  8  9 |
---------------+----------------------------+-----
Axes           | 4 5 6 8 9 11 13 14 | 14.8
Fighting       | |  3.6
Armour         | |  2.4
Dodging        | |  2.1

Action                   |  1- 3 |  4- 6 |  7- 9 || total
-------------------------+-------+-------+-------++-------
Melee: Hand axe          |    85 |    62 |       ||   147
       Headbutt          |    18 |    19 |    51 ||    88
       Whip              |     6 |       |   189 ||   195
       Long sword        |       |    65 |    86 ||   151
Throw: Tomahawk          |       |       |     2 ||     2
Invok: Berserk           |       |       |     4 ||     4
       Trog's Hand       |       |       |     2 ||     2
Evoke: Wand              |       |       |     1 ||     1
  Use: Scroll            |     6 |       |     1 ||     7
 Stab: Sleeping          |     1 |       |       ||     1
  Eat: Chunk             |     2 |     6 |    13 ||    21
       Bread ration      |       |       |     1 ||     1
Armor: Animal skin       |     4 |       |       ||     4
       Scale mail        |    16 |    67 |    57 ||   140
Dodge: Dodged            |    55 |    62 |   126 ||   243
       Rpst.: Long sword |       |     8 |     6 ||    14
